AoeStats
← Pedro{-}.-.

Hideout

510025008Analyzed
1v1 RM · 4d ago on Sep 29, 2026· 47m 20s· 2 players
Game mode
Random Map
Map size
Tiny (2 player)
Population
200
Speed
Normal
Resources
Standard
Victory
Conquest
Starting age
Dark Age
Ending age
Imperial Age
RankedLock teamsTeams togetherTeam positionsShared explorationLock speedFull tech treeHidden civsTurbo modeCheats
Victory
Defeat
🇨🇦 Spanish · Canada
675
+16
🇦🇷 Portuguese · Argentina
677
-16
El_jefe88x
3:35 Loom
15:34 Feudal Age
20:31 Castle Age
18:56 Double-Bit Axe
18:56 Horse Collar
19:59 Fletching
20:12 Town Watch
21:14 Bodkin Arrow
20:42 Elite Skirmisher
21:59 Bow Saw
22:25 Heavy Plow
22:37 Gold Mining
23:20 Pikeman
25:01 Forging
26:06 Wheelbarrow
25:59 Padded Archer Armor
26:39 Stone Mining
28:54 Fervor
31:04 Thumb Ring
32:10 Hand Cart
33:52 Town Patrol
35:11 Stone Shaft Mining
35:54 Leather Archer Armor
36:14 Iron Casting
36:00 Inquisition
38:23 Husbandry
38:34 Bloodlines
42:08 Imperial Age
41:10 Ballistics
40:45 Murder Holes
43:24 Bracer
44:30 Chemistry
43:46 Elite Conquistador
45:07 Light Cavalry
47:09 Supremacy
Pedro{-}.-.
9:48 Feudal Age
15:47 Castle Age
14:15 Double-Bit Axe
14:13 Horse Collar
21:44 Loom
22:35 Wheelbarrow
25:03 Forging
24:57 Scale Mail Armor
25:04 Man-at-Arms
25:29 Gambesons
25:32 Arson
26:07 Heavy Plow
25:34 Pikeman
26:25 Long Swordsman
32:01 Bow Saw
31:45 Gold Mining
31:46 Stone Mining
32:58 Elite Skirmisher
33:31 Fletching
33:41 Padded Archer Armor
37:31 Imperial Age
35:17 Circumnavigation
36:17 Bodkin Arrow
36:59 Leather Archer Armor
37:57 Ballistics
37:51 Masonry
38:29 Bracer
39:00 Ring Archer Armor
40:13 Chemistry
40:28 Architecture
41:03 Conscription
41:47 Two-Handed Swordsman
42:12 Pikeman
Connection lost

Rejoining the realm…

Still unreachable

The connection could not be restored.

Session expired

The server has moved on; the page needs a fresh start.